 Dungeon Crawl Stone Soup version 0.30.0-5-g1a98f26d00 (webtiles) character file.

Game seed: 17714725307576979784

246 Edyrem the Grave Robber (level 6, -1/28 HPs)
             Began as a Vine Stalker Necromancer on May 9, 2023.
             Slain by an orc
             ... wielding a +0 dagger
              (4 damage)
             ... on level 4 of the Dungeon.
             The game lasted 00:10:17 (2703 turns).

Edyrem the Grave Robber (Vine Stalker Necromancer)  Turns: 2703, Time: 00:10:17

Health: -1/28      AC:  2    Str: 17    XL:     6   Next: 11%
Magic:  0/13       EV: 12    Int: 17    God:
Gold:   163        SH:  0    Dex: 14    Spells: 9/13 levels left

rFire   . . .        (no weapon)
rCold   . . .        (no shield)
rNeg    . . .        a - +0 robe
rPois   .            (no helmet)
rElec   .            (no cloak)
rCorr   .            (no gloves)
SInv    .            (no boots)
Will    .....        (no amulet)
Stlth   ++           d - +6 ring of strength
HPRegen 1.04/turn    (no ring)
MPRegen 0.13/turn

%: guardian spirit
@: no status effects
A: fangs 2, regeneration 1, magic shield, antimagic bite, no potion heal 2
a: no special abilities


You were on level 4 of the Dungeon.
You visited 1 branch of the dungeon, and saw 4 of its levels.

You collected 163 gold pieces.

Inventory:

Hand Weapons
 p - a +2 quarterstaff of holy wrath
Missiles
 c - 3 poisoned darts
 n - a throwing net
Armour
 a - a +0 robe (worn)
Jewellery
 d - a +6 ring of strength (left hand)
Scrolls
 e - a scroll of silence {unknown}
 f - 6 scrolls of teleportation {unknown}
 h - a scroll of amnesia {unknown}
 i - 2 scrolls of fog {unknown}
 k - 2 scrolls of identify {unknown}
 l - a scroll of enchant armour {unknown}
 o - a scroll of poison {unknown}
 q - a scroll of noise {unknown}
 s - 5 scrolls of fear {unknown}
Potions
 b - a potion of magic
 g - 3 potions of might {unknown}
 j - a potion of flight {unknown}
 m - a potion of degeneration {unknown}
 r - a potion of heal wounds {unknown}
 t - a potion of attraction {unknown}
 u - a potion of lignification {unknown}
 v - a potion of curing {unknown}


   Skills:
 - Level 1.5 Dodging
 - Level 2.5 Stealth
 + Level 4.4 Spellcasting
 + Level 5.9 Necromancy


You had 9 spell levels left.
You knew the following spells:

 Your Spells              Type           Power      Damage    Failure   Level
a - Necrotise             Necr           92%        1d8       1%          1
b - Vampiric Draining     Necr           23%        2d7       4%          3

Your spell library contained the following spells:

 Spells                   Type           Power      Damage    Failure   Level
 Animate Dead             Necr           23%        N/A       13%         4
 Agony                    Necr           23%        N/A       36%         5
 Vhi's Electric Charge    Tloc/Air       6%         N/A       41%         3
 Arcjolt                  Conj/Air       1%         1d11      99%         5
 Maxwell's Capacitive Co  Air            1%         ∞         100%        8


Dungeon Overview and Level Annotations

Branches:
Dungeon (4/15)
 Temple: D:4-7

Altars:


Innate Abilities, Weirdness & Mutations

You have extremely sharp teeth.
Your natural rate of healing is unusually fast.
When hurt, damage is shared between your health and your magic reserves.
Your bite disrupts and absorbs the magic of your enemies.
Potions cannot restore your health.


Message History

Your orc skeleton hits something but does no damage.
Something hits you.
Your orc skeleton barely misses something.
An orc wizard comes into view. It is wielding a +0 dagger.
You hit something but do no damage. Something hits you.
You hit something but do no damage. Your bite misses something.
The orc wizard casts a spell at you. The magic dart hits your orc skeleton.
Something hits you.
You barely miss something. Your bite misses something.
You hear some strange, mumbled words.
A magic dart appears from out of thin air!
The magic dart hits you!
* * * LOW HITPOINT WARNING * * *
Your orc skeleton completely misses the orc wizard.
The orc wizard gestures at you while chanting.
The magic dart hits your orc skeleton!
Your orc skeleton is destroyed!
The orc hits you but does no damage. The orc hits you with a +0 whip.
* * * LOW HITPOINT WARNING * * *
The orc attacks as you move away! The orc completely misses you.
An orc comes into view. It is wielding a +0 hand axe.
The orc shouts!
You completely miss the orc. The orc hits you with a +0 hand axe.
* * * LOW HITPOINT WARNING * * *
You hit the orc but do no damage. Your bite misses the orc. The orc misses you.
You hit the orc but do no damage. Your bite misses the orc.
The orc hits you but does no damage. The orc hits you with a +0 dagger.
* * * LOW HITPOINT WARNING * * *
You hit the orc but do no damage. You bite the orc, but do no damage.
An orc wizard appears from thin air!
Reactivating autopickup.
The orc hits you with a +0 hand axe.
* * * LOW HITPOINT WARNING * * *
The orc hits you with a +0 dagger.
* * * LOW HITPOINT WARNING * * *
You barely miss the orc. The orc hits you with a +0 hand axe.
* * * LOW HITPOINT WARNING * * *
The orc hits you with a +0 dagger.
You die...

#.#.....#.#######
#.###)..)........
#.# #.#o#...###
#.# #.#.....####
#.# #.###......#
#.# #.....o..#.#
... ######.#.# ..
...######o#... ..
......o@oo###...
...######## ....
... ..


You could see 2 orc wizards and 2 orcs.

Vanquished Creatures
  Grinder (D:3)
  A worm (D:3)
  A dart slug (D:1)
  2 orcs (D:4)
  A bat (D:2)
  6 endoplasms
  2 giant cockroaches
  3 goblins
  5 hobgoblins
  2 jackals (D:1)
  3 kobolds
  3 quokkas
  3 ball pythons (D:1)
  2 frilled lizards
  2 rats (D:3)
37 creatures vanquished.

Vanquished Creatures (collateral kills)
  An endoplasm (D:2)
  A quokka (D:4)
  A rat (D:1)
3 creatures vanquished.

Grand Total: 40 creatures vanquished

Notes
Turn   | Place    | Note
-------+----------+-------------------------------------------
     0 | D:1      | Edyrem the Vine Stalker Necromancer began the quest for the
                  | Orb.
     0 | D:1      | Reached XP level 1. HP: 9/9 MP: 4/4
   172 | D:1      | Reached XP level 2. HP: 13/13 MP: 4/6
  1136 | D:2      | Reached XP level 3. HP: 16/16 MP: 3/7
  1140 | D:2      | Learned a level 3 spell: Vampiric Draining
  2431 | D:3      | Noticed Grinder
  2441 | D:3      | Killed Grinder
  2442 | D:3      | Reached skill level 5 in Necromancy
  2442 | D:3      | Gained mutation: Your natural rate of healing is unusually
                  | fast. [Vine Stalker growth]
  2442 | D:3      | Reached XP level 4. HP: 4/21 MP: 4/11
  2442 | D:3      | Reached XP level 5. HP: 5/24 MP: 4/12
  2442 | D:3      | Reached XP level 6. HP: 6/28 MP: 4/13
  2703 | D:4      | Slain by an orc

Illustrated notes

Levels and vault maps discovered:
D:1:      minmay_arrival_semitransparent, layout_basic, kennysheep_boxes
D:2:      layout_basic, supply_closet_lemuel, chequers_jeans
D:3:      layout_loops_ring, st_stairs_8, uniq_grinder
D:4:      layout_basic, kiku_gazebo_garden_becter, serial_shops, shop_statue

Skill      XL: |  1  2  3 |
---------------+----------+-----
Spellcasting   | 4 |  4.4
Necromancy     | 5 |  5.9
Dodging        | |  1.5
Stealth        | |  2.5

Action                     |  1- 3 |  4- 6 || total
---------------------------+-------+-------++-------
  Melee: Unarmed           |     9 |    19 ||    28
         Quarterstaff      |     8 |       ||     8
         Bite              |     6 |     3 ||     9
   Cast: Necrotise         |    62 |    10 ||    72
         Vampiric Draining |     3 |     1 ||     4
   Stab: Sleeping          |     1 |     1 ||     2
         Distracted        |     1 |       ||     1
 Armour: Robe              |       |     4 ||     4
  Dodge: Dodged            |    11 |     3 ||    14
